Map: Amygdala

Players

GangusKaun - Winner!

  • Race: Protoss Protoss
  • League: Gold
  • Spawn Location: 7:00

KennyRogers

  • Race: Zerg Zerg
  • League: Silver
  • Spawn Location: 1:00

VOD

Have the link to the VOD?

Description

Time

  • Played on: Dec. 4, 2024, 8:44 p.m.
  • Length: 17:41
Show
View Real Time Build Order
Export as new Build Order

GangusKaun Protoss - Winner!

Build Orders: 1 Gate Expand, Oracle Opening 

Get SALT Encoding   

  12  0:01  Probe  
  13  0:16  Probe  
  13  0:20  Pylon  
  14  0:32  Probe  
  15  0:40  Gateway  
  15  0:44  Probe  
  16  0:53  Assimilator  
  16  0:56  Probe  
  17  1:08  Probe  
  18  1:20  Probe  
  19  1:33  Probe  
  19  1:35  Nexus  
  20  1:45  Probe  
  21  1:50  Cybernetics Core  
  21  1:57  Probe  
  21  2:01  Pylon  
  21  2:06  Assimilator  
  21  2:09  Probe  
  22  2:21  Adept, Gateway, Probe  
  23  2:23  Warp Gate  
  25  2:33  Probe  
  26  2:45  Stargate  
  26  2:50  Probe  
  26  2:56  Probe  
  28  2:59  Probe  
  29  3:08  Probe x2  
  31  3:15  Adept  
  31  3:18  Adept  
  35  3:20  Probe  
  36  3:28  Probe, Assimilator  
  36  3:33  Probe  
  38  3:38  Shield Battery, Oracle  
  41  3:50  Probe x2  
  43  4:02  Probe  
  44  4:05  Probe  
  45  4:12  Pylon  
  45  4:29  Probe  
  45  4:30  Oracle, Probe  
  50  4:37  Assimilator  
  50  4:41  Probe  
  50  4:42  Probe  
  52  4:50  Nexus  
  52  4:55  Pylon  
  52  5:00  Pylon  
  52  5:04  Probe x2  
  54  5:11  Robotics Facility  
  54  5:16  Probe  
  55  5:23  Gateway x2  
  55  5:24  Gateway  
  55  5:27  Gateway  
  55  5:31  Shield Battery  
  55  5:32  Assimilator  
  55  5:35  Pylon  
  55  5:38  Pylon  
  55  5:39  Probe x2  
  57  5:54  Protoss Air Weapons Level 1  
  55  6:08  Probe x2  
  55  6:09  Probe  
  58  6:15  Sentry x2  
  58  6:17  Stalker  
  58  6:18  Stalker x2  
  68  6:20  Probe  
  68  6:21  Zealot  
  68  6:23  Immortal  
  68  6:25  Probe x2  
  73  6:26  Phoenix  
  79  6:33  Probe  
  79  6:38  Pylon  
  80  6:42  Pylon  
  80  6:49  Robotics Bay  
  80  6:51  Shield Battery, Phoenix  
  82  7:01  Probe x2  
  82  7:03  Forge, Twilight Council  
  84  7:10  Assimilator  
  84  7:17  Gateway  
  84  7:21  Shield Battery  
  84  7:22  Shield Battery  
  84  7:38  Phoenix  
  86  7:48  Stalker x4  
  86  7:49  Stalker  
  92  8:05  Phoenix  
  94  8:15  Stargate  
  94  8:22  Stargate  
  94  8:23  Shield Battery  
  94  8:24  Photon Cannon  
  94  8:25  Photon Cannon  
  94  8:28  Probe x2  
  94  8:29  Probe  
  94  8:30  Phoenix, Photon Cannon  
  99  8:36  Pylon  
  99  8:38  Pylon, Zealot x2  
  99  8:39  Zealot x4  
  99  8:40  Probe x2  
  99  8:41  Probe  
  114  8:53  Probe  
  112  9:02  Probe x2  
  111  9:10  Extended Thermal Lance  
  111  9:11  Phoenix x2  
  115  9:21  Colossus  
  115  9:23  Protoss Air Armor Level 1  
  121  9:35  Photon Cannon x2  
  121  9:40  Protoss Ground Weapons Level 1  
  121  9:42  Shield Battery  
  121  9:43  Charge  
  121  9:46  Photon Cannon  
  121  9:48  Photon Cannon  
  121  9:49  Fleet Beacon  
  121  9:50  Forge  
  121  9:53  Photon Cannon  
  121  9:54  Pylon  
  121  9:57  Pylon  
  121  10:01  Templar Archives, Pylon  
  121  10:07  Gateway  
  121  10:09  Gateway  
  121  10:16  Probe x2  
  121  10:19  Phoenix x2  
  127  10:37  Colossus  
  133  10:53  Probe x2  
  135  10:57  Protoss Ground Armor Level 1  
  133  11:26  Colossus  
  139  11:38  Void Ray  
  139  11:39  Void Ray  
  146  11:53  Nexus  
  140  11:56  Pylon  
  140  11:59  Pylon  
  126  12:03  Gravitic Boosters, Assimilator  
  126  12:05  Assimilator  
  126  12:14  Observer  
  126  12:21  Void Ray, Stalker x4  
  126  12:22  Stalker x3  
  145  12:24  Protoss Air Weapons Level 2  
  143  12:30  Observer  
  120  12:48  Warp Prism  
  120  12:49  Void Ray  
  101  13:02  Stalker x3  
  101  13:03  Stalker x3  
  101  13:04  Void Ray  
  117  13:18  Pylon  
  117  13:20  Pylon  
  117  13:22  Pylon  
  117  13:23  Colossus  
  91  14:08  Stalker x4  
  91  14:09  Stalker x3  
  117  14:10  Void Ray x3  
  117  14:13  Probe  
  117  14:14  Probe x2  
  120  14:17  Colossus  
  120  14:24  Gateway  
  126  14:25  Robotics Facility  
  126  14:26  Probe  
  126  14:29  Gateway  
  126  14:31  Shield Battery  
  127  14:32  Shield Battery  
  127  14:34  Shield Battery, Probe x2  
  127  14:36  Photon Cannon  
  129  14:39  Photon Cannon  
  129  14:40  Photon Cannon  
  141  14:53  Void Ray x3  
  141  14:55  Probe x2  
  141  14:57  Zealot x2  
  141  14:58  Zealot x4  
  141  14:59  Zealot  
  97  15:23  Stalker  
  97  15:24  Stalker x6  
  97  15:25  Stalker x2  
  115  15:36  Void Ray x2  
  101  15:56  Observer x2  
  101  16:02  High Templar x5  
  101  16:03  High Templar x3  
  113  16:14  Probe x3, Observer  
  113  16:16  Void Ray  
  115  16:21  Archon  
  115  16:22  Archon x3  
  114  16:26  Probe  
  114  16:32  Void Ray x2  
  123  16:38  Probe x2  
  125  16:53  Tempest  
  128  16:55  Stalker x2  
  128  16:56  Stalker x4  
Show
View Real Time Build Order
Export as new Build Order

KennyRogers Zerg 

Build Orders: Pool First, Lurkers 

Get SALT Encoding   

  12  0:04  Drone  
  13  0:08  Drone  
  14  0:17  Overlord  
  14  0:37  Spawning Pool  
  14  0:39  Drone  
  14  0:43  Drone  
  14  0:45  Drone  
  16  0:50  Drone  
  17  1:00  Drone  
  18  1:11  Drone  
  18  1:14  Extractor  
  18  1:18  Extractor  
  17  1:22  Drone  
  17  1:25  Queen  
  20  1:34  Zergling x2  
  21  1:46  Zergling x2  
  22  1:58  Evolution Chamber, Zergling x2  
  22  2:03  Hatchery  
  22  2:05  Drone  
  22  2:29  Pneumatized Carapace  
  22  2:31  Overlord x2  
  22  2:44  Overlord  
  22  2:49  Drone x2  
  22  2:50  Drone  
  25  3:07  Zergling x2  
  25  3:11  Queen  
  28  3:20  Drone  
  28  3:21  Queen  
  28  3:26  Zergling x6  
  34  3:40  Drone x2  
  35  3:46  Drone x2  
  35  3:48  Lair  
  37  3:52  Drone  
  38  3:59  Drone  
  38  4:01  Spine Crawler  
  38  4:03  Drone  
  39  4:38  Drone x5  
  42  4:39  Drone  
  45  4:54  Hatchery  
  44  5:00  Spire  
  43  5:07  Extractor  
  43  5:10  Extractor  
  43  5:12  Spine Crawler  
  43  5:14  Drone x2, Zergling x4  
  42  5:15  Zergling x4  
  46  5:32  Drone  
  47  5:47  Zerg Ground Armor Level 1  
  41  6:00  Drone x3  
  44  6:09  Drone  
  45  6:12  Mutalisk  
  45  6:13  Mutalisk x4  
  45  6:14  Mutalisk  
  45  6:16  Overlord x2  
  45  6:18  Drone  
  58  6:26  Zerg Flyer Armor Level 1  
  58  6:34  Overlord  
  59  6:40  Drone x2  
  59  6:44  Extractor  
  59  6:48  Extractor  
  59  6:49  Drone  
  59  6:50  Mutalisk x3  
  59  6:53  Drone x3  
  68  6:55  Zergling x8  
  72  7:02  Drone x3  
  75  7:11  Drone  
  75  7:13  Mutalisk x2  
  75  7:14  Mutalisk  
  82  7:16  Overlord  
  82  7:30  Overlord x3  
  72  8:01  Corruptor x3, Drone x4  
  72  8:05  Infestation Pit  
  81  8:07  Hydralisk Den  
  81  8:08  Drone  
  81  8:13  Overseer  
  81  8:16  Mutalisk x3  
  81  8:17  Zergling x2  
  88  8:20  Drone  
  88  8:21  Drone  
  90  8:39  Hydralisk x4  
  90  8:40  Hydralisk  
  100  8:42  Drone  
  100  8:44  Grooved Spines  
  101  8:51  Zerg Missile Weapons Level 1  
  101  9:03  Drone x2  
  101  9:04  Hydralisk x2, Drone x3  
  101  9:06  Drone x2  
  112  9:13  Hive  
  112  9:28  Drone x2  
  112  9:29  Overlord  
  114  9:40  Overlord  
  114  9:44  Lurker Den  
  114  9:45  Overlord x2  
  113  9:50  Zerg Flyer Armor Level 2  
  113  10:05  Hatchery  
  112  10:14  Corruptor x4  
  112  10:15  Corruptor x2  
  124  10:44  Lurker x4  
  124  10:45  Lurker x3  
  131  10:54  Overlord x2  
  131  10:55  Overlord  
  131  11:01  Overlord x2  
  131  11:02  Overlord x2  
  125  11:29  Drone x2  
  125  11:30  Corruptor x3  
  133  11:40  Seismic Spines  
  101  12:10  Corruptor x3  
  101  12:11  Corruptor x3  
  101  12:12  Corruptor x5  
  89  13:03  Hydralisk x4  
  89  13:04  Hydralisk x10  
  89  13:05  Hydralisk x3  
  117  13:10  Drone x6  
  125  13:13  Extractor  
  125  13:17  Extractor  
  103  14:04  Hydralisk x2  
  103  14:05  Hydralisk x4  
  103  14:06  Hydralisk x4  
  103  14:08  Drone x3  
  126  14:12  Zerg Flyer Armor Level 3  
  126  14:16  Zerg Missile Weapons Level 2  
  126  14:19  Lurker x3  
  129  14:36  Overseer  
  129  14:38  Drone, Hatchery  
  129  14:39  Hydralisk x3, Drone  
  129  14:43  Muscular Augments  
  136  14:55  Hydralisk, Corruptor  
  136  14:56  Hydralisk x2  
  80  15:51  Hydralisk x3  
  80  15:52  Hydralisk x2  
  80  15:53  Hydralisk  
  80  15:54  Hydralisk x6  
  102  15:58  Drone  
  102  16:01  Drone  
  102  16:03  Hydralisk  
  106  16:04  Hydralisk  
  106  16:06  Hydralisk  
  110  16:13  Hydralisk  
  112  16:22  Drone  
  112  16:24  Hydralisk x2  
  112  16:25  Hydralisk x2  
  117  16:27  Hydralisk  
  120  16:33  Hydralisk  
  122  16:43  Lurker x4  
  122  16:44  Lurker x3  
  129  16:50  Overseer  
  82  17:08  Overseer  
  82  17:09  Hydralisk x3  
  82  17:10  Hydralisk x4  
  82  17:11  Hydralisk  
  98  17:16  Lurker  
  98  17:19  Drone x3  
  100  17:24  Extractor  
  100  17:26  Extractor  
Tags
 
Add a new tag
Caveats
  • Supply blocks, unpowered buildings, or Contaminate may cause inaccurate times.
  • Supply counts are checked every 10 seconds.